Match 47432950
Unlisted

Match 47432950
End
Construct Infanterie Kompanie
Selects Breakthrough Battlegroup
Selects Assault Grenadiers
MG 42 Machine Gun Team
Grenadier Squad
Grenadier Squad
Construct Luftwaffe Kompanie
MG 42 Machine Gun Team
Jäger Squad
Selects Rapid Production
221 Scout Car
Jäger Squad
Selects Smoke Bombing Run
Construct Panzer Kompanie
Selects Incendiary Bombing Run
Stoßtruppen Squad
Panzer IV Medium Tank
Stoßtruppen Squad
Selects Blitzkrieg
Incendiary Bombing Run
Incendiary Bombing Run
AI Takeover
[DeanOfBao]hokkskyc
BES2
茶靡
likewind3
Elegant_Downfall
Luckyman55
엽하
you
0
0

Comments sign in to comment!

No comments posted yet!